 Dungeon Crawl Stone Soup version 0.32-a0-913-g739538afd8 (webtiles) character file.

Game seed: 16742879762332217870

8 kae the Changeling (level 2, -1/21 HPs)
             Began as a Demonspawn Shapeshifter on Apr 8, 2024.
             Slain by a jackal (3 damage)
             ... on level 1 of the Dungeon.
             The game lasted 00:00:13 (137 turns).

kae the Changeling (Demonspawn Shapeshifter)         Turns: 137, Time: 00:00:14

Health: -1/21      AC:  4    Str: 14    XL:     2   Next: 0%
Magic:  2/2        EV: 11    Int: 10    God:
Gold:   22         SH:  0    Dex: 12    Spells: 1/1 levels left

rFire   . .          .
                       - Unarmed
rCold   . . .        (no shield)
rNeg    . . .        a - +0 animal skin
rPois   .            (helmet currently unavailable)
rElec   .            (cloak currently unavailable)
rCorr   .            (gloves currently unavailable)
SInv    .            (boots currently unavailable)
Will    .....        (no amulet)
Stlth   +            (no ring)
HPRegen 0.23/turn    (no ring)
MPRegen 0.08/turn

%: no passive effects
@: beast-form
A: beast (slay +1), icy blue scales 1
a: Begin Untransformation


You were on level 1 of the Dungeon.
You were a hulking beast.
You visited 1 branch of the dungeon, and saw 1 of its levels.

You collected 22 gold pieces.


Innate Abilities, Weirdness & Mutations

You are a hulking beast.
Your limbs bulge with bestial killing power. (Slay +1)
You are partially covered in icy blue scales. (AC +2)


   Skills:
 + Level 1.3 Fighting
 - Level 1.7 Dodging
 + Level 2.8 Unarmed Combat
 * Level 2.9 Shapeshifting


You had one spell level left.
You didn't know any spells.
Your spell library was empty.

Inventory:

Armour
 a - a +0 animal skin (worn)
Talismans
 c - a beast talisman (active)
 d - a flux talisman
Scrolls
 e - a scroll of teleportation {unknown}
Potions
 b - a potion of lignification {!q}

Dungeon Overview and Level Annotations

Branches:
Dungeon (1/15) Zot: 5863

Altars:

#....# .#########
#....# ..........
#....####...#...##
#......#..........
#....#............
#....##...........
###.###.....b.....
#. ##.......... #.
##.hh...... #.
##h######. .. #.#
#.# #.# ..# ###


You could see 2 jackals and a bat.


Message History

You hit the jackal but do no damage. The jackal bites you.
* * * LOW HITPOINT WARNING * * *
😨 HP[-2]
You take 2 damage, and now have 6/15 hp.
Unknown command.
You barely miss the jackal. The jackal barely misses you. 😨 HP[+1]
You hit the jackal but do no damage. The jackal misses you.
You barely miss the jackal. The jackal bites you.
* * * LOW HITPOINT WARNING * * *
The jackal bites you.
* * * LOW HITPOINT WARNING * * *
😨 HP[-3]
You take 3 damage, and now have 4/15 hp.
You hit the jackal. The jackal barely misses you.
Unknown command.
You closely miss the jackal. The jackal closely misses you.
The jackal bites you but does no damage.
You closely miss the jackal. The jackal closely misses you. 😨 HP[+1]
You hit the jackal. The jackal closely misses you.
You closely miss the jackal. The jackal barely misses you.
The jackal bites you but does no damage.
You closely miss the jackal. The jackal bites you.
* * * LOW HITPOINT WARNING * * *
😨 HP[-1]
You take 1 damage, and now have 4/15 hp.
You hit the jackal.
You kill the jackal!
Things that are here:
a +0 club; a jackal corpse; a jackal corpse 😨 HP[+1]
You start resting. 😕 HP[+7]
You regained 7 hp, and now have 12/15 hp.
You now have 22 gold pieces (gained 11).
An endoplasm comes into view. 😎 HP[+3]
Your hp is fully restored (15).
Unknown command.
An endoplasm is nearby!
An endoplasm is nearby!
The endoplasm quivers.
An endoplasm is nearby!
A jackal comes into view.
The endoplasm hits you. 😕 HP[-1]
You take 1 damage, and now have 14/15 hp.
There are monsters nearby!
You hit the endoplasm. The endoplasm closely misses you.
You hit the endoplasm but do no damage.
The jackal barks!
The endoplasm freezes you.
You are frozen.
A jackal comes into view. 😕 HP[-2]
You take 2 damage, and now have 12/15 hp.
There are monsters nearby!
The jackal barks!
You hit the endoplasm.
You kill the endoplasm!
A jackal comes into view.
There are monsters nearby!
The jackal closely misses you.
The jackal barks!
You hit the jackal but do no damage. The jackal misses you. 😕 HP[+1]
You hit the jackal.
A bat comes into view.
The jackal bites you.
The jackal bites you but does no damage.
The jackal barely misses you.
You hit the jackal. The jackal barely misses you. x2
The jackal closely misses you. The jackal bites you.
The jackal closely misses you. 😮 HP[-5]
You take 5 damage, and now have 8/15 hp.
MASSIVE DAMAGE!! (PAUSE)
You hit the jackal.
You kill the jackal!
The jackal bites you.
* * * LOW HITPOINT WARNING * * *
The jackal bites you but does no damage.
The jackal bites you.
* * * LOW HITPOINT WARNING * * *
You have reached level 2!
Your demonic ancestry asserts itself...
Icy blue scales grow over part of your body. 😨 HP[-2] MP[+1]
You now have 21 max hp (+6).
Your mp is fully restored (2).
Unknown command.
You hit the jackal. The bat barely misses you. The bat hits you.
* * * LOW HITPOINT WARNING * * *
The jackal bites you but does no damage. x2 😱 HP[-1]
You take 1 damage, and now have 5/21 hp.
You closely miss the jackal. The bat barely misses you. The jackal bites you.
* * * LOW HITPOINT WARNING * * *
The jackal bites you.
You die...

Action                     || total
---------------------------++-------
  Melee: Unarmed           ||    32
 Armour: Animal skin       ||    29
  Dodge: Dodged            ||    23

Levels and vault maps discovered:
D:1:      scummos_arrival_gate, layout_rooms, minmay_heptomino_h4

Notes
Turn   | Place    | Note
-------+----------+-------------------------------------------
     0 | D:1      | kae the Demonspawn Shapeshifter began the quest for the
                  | Orb.
     0 | D:1      | Reached XP level 1. HP: 15/15 MP: 1/1
     0 | D:1      | magus.rc [v1.11.3]
   136 | D:1      | Gained mutation: You are partially covered in icy blue
                  | scales. (AC +2) [demonic ancestry]
   136 | D:1      | Reached XP level 2. HP: 6/21 MP: 2/2
   136 | D:1      | HP: 5/21 [bat (1)]
   137 | D:1      | HP: 2/21 [jackal (3)]
   137 | D:1      | Slain by a jackal

Vanquished Creatures
  An endoplasm (D:1)
  A goblin (D:1)
  4 jackals (D:1)
6 creatures vanquished.

Table legend:
 A = Non-vault XP
 B = Vault XP
 C = Vault XP percentage of total XP
 D = Non-vault monster count
 E = Vault monster count
 F = Vault count percentage of total count
                 A         B        C        D         E       F
            +---------+---------+-------+---------+---------+-------
      Total |      12 |       0 |   0.0 |       6 |       0 |   0.0
            +---------+---------+-------+---------+---------+-------
        D:1 |      12 |       0 |   0.0 |       6 |       0 |   0.0
            +---------+---------+-------+---------+---------+-------

Action                     || total
---------------------------++-------
  Melee: Unarmed           ||    32
 Armour: Animal skin       ||    29
  Dodge: Dodged            ||    23

Illustrated notes

Table legend:
 A = Kills in this place as a percentage of kills in the entire game.
 B = Kills by you in this place as a percentage of kills by you in the entire game.
 C = Kills by friends in this place as a percentage of kills by friends in the entire game.
 D = Other kills in this place as a percentage of other kills in the entire game.
 E = Experience gained in this place as a percentage of experience gained in the entire game.
 F = Experience gained in this place divided by the number of levels of this place that you have seen.
                   A       B       C       D       E      F
               +-------+-------+-------+-------+-------+----------------------
         Total | 100.0 | 100.0 |   N/A |   N/A | 100.0 |  12.0
       Dungeon | 100.0 | 100.0 |   N/A |   N/A | 100.0 |  12.0
               +-------+-------+-------+-------+-------+----------------------

Table legend: (Time is in decaauts)
 A = Elapsed time spent in this place.
 B = Non-inter-level travel time spent in this place.
 C = Inter-level travel time spent in this place.
 D = Time resting spent in this place.
 E = Time spent auto-exploring this place.
 F = Levels seen in this place.
 G = Mean time per level.
                   A        B        C        D        E       F      G
               +--------+--------+--------+--------+--------+-----+--------+
         Total |    135 |    135 |      0 |     32 |     57 |   1 |  135.0 |
       Dungeon |    135 |    135 |      0 |     32 |     57 |   1 |  135.0 |
               +--------+--------+--------+--------+--------+-----+--------+

Top non-repeatable levels by time:
     D:1: 135 daAuts
